AoeStats
← ZamSerg

Arena

507688408Analyzed
4v4 RM · 13d ago on Sep 19, 2026· 19m 58s· 8 players
Game mode
Random Map
Map size
Large (8 player)
Population
200
Speed
Normal
Resources
Standard
Victory
Conquest
Starting age
Dark Age
Ending age
Imperial Age
RankedLock teamsTeams togetherTeam positionsShared explorationLock speedFull tech treeHidden civsTurbo modeCheats
Victory
Defeat
🇹🇼 Bengalis · Taiwan
1353
+12
🇹🇷 Mongols · Türkiye
1352
+12
🇪🇸 Saracens · Spain
1216
+18
🇹🇷 Byzantines · Türkiye
1187
+19
1271
-16
🇷🇺 Jurchens · Russia
1270
-16
🇫🇷 Poles · France
1247
-15
🇷🇺 Persians · Russia
1241
-14
Mr. Penis
10:56 Feudal Age
15:29 Castle Age
13:39 Double-Bit Axe
13:35 Horse Collar
16:52 Bow Saw
ZamSerg
10:35 Feudal Age
14:37 Castle Age
12:49 Double-Bit Axe
14:50 Horse Collar
16:23 Bow Saw
16:12 Loom
༄CLR』Iulo Ascanio2210
10:23 Feudal Age
11:12 Double-Bit Axe
14:05 Castle Age
12:23 Double-Bit Axe
12:50 Horse Collar
PILOT
10:42 Feudal Age
12:12 Double-Bit Axe
14:56 Castle Age
12:47 Horse Collar
15:54 Bow Saw
15:44 Heavy Plow
CorumluTony
10:30 Feudal Age
12:26 Loom
15:53 Castle Age
14:13 Double-Bit Axe
14:23 Stone Mining
dardo
10:11 Feudal Age
14:32 Castle Age
13:09 Double-Bit Axe
19:19 Town Watch
jason613480918
9:33 Loom
11:25 Feudal Age
16:19 Castle Age
14:09 Double-Bit Axe
18:17 Bow Saw
BoBa
10:15 Feudal Age
14:37 Castle Age
13:59 Double-Bit Axe
13:56 Horse Collar
15:57 Wheelbarrow
17:21 Bow Saw
19:20 Loom
Connection lost

Rejoining the realm…

Still unreachable

The connection could not be restored.

Session expired

The server has moved on; the page needs a fresh start.